Map: Rohana LE

Players

Ekelpack

  • Race: Zerg Zerg
  • Spawn Location: 11:00

Nyck

  • Race: Terran Terran
  • Spawn Location: 9:00

KlapEnMoer - Winner!

  • Race: Zerg Zerg
  • League: Diamond
  • Spawn Location: 3:00

Locket - Winner!

  • Race: Protoss Protoss
  • Spawn Location: 5:00

VOD

Have the link to the VOD?

Description

Time

  • Played on: Jan. 29, 2025, 1:50 p.m.
  • Length: 5:09
Show
View Real Time Build Order
Export as new Build Order

Ekelpack Zerg 

Build Orders: Hatch First 

Get SALT Encoding   

  12  0:00  Drone  
  13  0:13  Overlord  
  13  0:17  Drone  
  14  0:31  Drone x2  
  14  0:35  Drone  
  17  0:52  Hatchery  
  17  0:55  Drone  
  17  1:00  Extractor  
  17  1:01  Drone  
  17  1:15  Spawning Pool  
  17  1:17  Drone  
  17  1:23  Drone  
  18  1:30  Drone  
  19  1:41  Drone  
  20  1:51  Drone  
  21  2:03  Queen  
  21  2:04  Queen  
  25  2:11  Metabolic Boost  
  25  2:18  Zergling x4  
  21  2:31  Drone x2  
  23  2:40  Drone  
  24  2:48  Drone  
  24  2:49  Lair  
  25  2:56  Drone  
  26  3:01  Drone  
  26  3:03  Overlord  
  27  3:08  Drone  
  28  3:20  Drone, Extractor  
  28  3:23  Drone  
  28  3:24  Drone x2  
  28  3:25  Extractor  
  30  3:27  Overlord  
  30  3:30  Drone  
  31  3:38  Drone  
  31  3:39  Drone  
  33  3:56  Spire  
  33  3:57  Drone x4  
  36  4:04  Drone x3  
  36  4:08  Extractor  
  36  4:09  Drone  
  39  4:13  Overlord  
  39  4:29  Queen  
  23  4:49  Zergling x6  
Show
View Real Time Build Order
Export as new Build Order

Nyck Terran 

Build Orders:  

Get SALT Encoding   

  12  0:00  SCV  
  13  0:12  SCV  
  14  0:22  Supply Depot  
  14  0:31  SCV  
  15  0:46  Barracks  
  15  0:47  SCV  
  16  0:59  SCV  
  17  1:14  Command Center  
  17  1:16  SCV  
  18  1:33  Marine  
  18  1:34  Supply Depot  
  19  1:43  Orbital Command  
  19  1:52  Marine  
  20  2:00  Refinery  
  20  2:06  Supply Depot  
  19  2:26  SCV  
  20  2:34  Orbital Command  
  20  2:38  SCV  
  21  2:47  Marine  
  22  2:54  SCV  
  23  3:00  SCV  
  24  3:06  SCV  
  24  3:10  Command Center  
  24  3:12  SCV, Marine  
  27  3:20  Barracks  
  27  3:25  SCV x2  
  29  3:34  Refinery  
  29  3:37  SCV x2  
  29  3:38  Marine  
  32  3:46  Refinery  
  32  3:49  SCV  
  32  3:50  SCV  
  32  3:52  Refinery  
  34  4:02  SCV x2  
  36  4:13  Barracks Tech Lab  
  36  4:14  SCV x2  
  36  4:19  Marine  
  36  4:22  SCV  
  34  4:26  SCV  
  35  4:33  Marine  
  36  4:44  Marine  
  37  4:51  Marine  
  38  4:58  Bunker  
  38  5:01  Bunker  
Show
View Real Time Build Order
Export as new Build Order

KlapEnMoer Zerg - Winner!

Build Orders: Pool First 

Get SALT Encoding   

  12  0:00  Drone  
  13  0:11  Drone  
  14  0:14  Extractor  
  14  0:15  Drone  
  14  0:19  Extractor  
  13  0:22  Drone  
  16  0:36  Spawning Pool  
  15  0:43  Overlord  
  15  1:01  Drone  
  15  1:02  Drone  
  17  1:13  Hatchery  
  16  1:24  Zergling x6  
  19  1:33  Queen  
  19  1:38  Drone, Extractor  
  21  1:47  Drone  
  22  1:57  Overlord  
  22  2:15  Queen  
  24  2:29  Drone x4, Queen  
  27  2:45  Metabolic Boost  
  27  2:47  Drone  
  27  2:48  Drone x2  
  30  2:51  Zergling x2  
  30  2:57  Drone x3  
  34  3:04  Zergling x2  
  35  3:06  Zergling x2  
  35  3:08  Overlord  
  36  3:27  Overlord  
  36  3:29  Overlord  
  36  3:30  Zergling x8  
  40  3:37  Zergling x8  
  44  3:44  Overlord  
  44  3:54  Zergling x10  
  49  4:08  Hatchery  
  49  4:09  Queen  
  48  4:11  Drone x3  
  48  4:12  Drone  
  48  4:13  Zergling x2  
  53  4:24  Zergling x2  
  53  4:25  Zergling x6  
Show
View Real Time Build Order
Export as new Build Order

Locket Protoss - Winner!

Build Orders: 1 Gate Expand, Oracle Opening, Phoenix Opening 

Get SALT Encoding   

  12  0:08  Probe  
  13  0:20  Probe  
  14  0:22  Pylon  
  14  0:32  Probe  
  15  0:42  Gateway  
  15  0:44  Probe  
  15  0:49  Assimilator  
  16  0:52  Assimilator, Probe  
  17  1:00  Probe  
  17  1:11  Probe  
  19  1:38  Nexus  
  19  1:52  Cybernetics Core  
  19  1:56  Probe  
  20  2:06  Pylon  
  20  2:10  Probe  
  21  2:22  Probe  
  22  2:31  Stargate  
  22  2:39  Stargate  
  22  2:42  Probe  
  22  2:50  Probe x2  
  25  2:58  Probe  
  25  2:59  Probe  
  27  3:07  Probe  
  27  3:11  Shield Battery  
  28  3:13  Probe  
  28  3:15  Oracle  
  28  3:18  Oracle  
  35  3:30  Probe x2  
  37  3:36  Pylon  
  37  3:42  Probe x2  
  39  3:55  Phoenix  
  39  3:57  Phoenix  
  39  4:01  Probe x2  
  45  4:07  Pylon  
  45  4:20  Nexus  
  45  4:22  Pylon  
  45  4:26  Pylon  
  45  4:30  Phoenix  
  47  4:32  Phoenix  
Tags
 
Add a new tag
Caveats
  • Supply blocks, unpowered buildings, or Contaminate may cause inaccurate times.
  • Supply counts are checked every 10 seconds.